 Dungeon Crawl Stone Soup version 0.17-a0-1887-g3e50df6 (webtiles) character file.

130 mcbry74 the Insei (level 4, 0/40 HPs)
             Began as a Draconian Monk on Sept 24, 2015.
             Slain by an orc
             ... wielding a +0 dagger
              (3 damage)
             ... on level 3 of the Dungeon.
             The game lasted 00:16:18 (2741 turns).

mcbry74 the Insei (Draconian Monk)                  Turns: 2741, Time: 00:16:18

Health: 0/40       AC:  8    Str: 13    XL:     4   Next: 89%
Magic:  4/4        EV: 13    Int: 11    God:
Gold:   214        SH:  0    Dex: 14    Spells: 0 memorised, 3 levels left

rFire  . . .     SeeInvis .       - Unarmed
rCold  + . .     Clarity  .     (armour unavailable)
rNeg   . . .     SustAt   .     (no shield)
rPois  .         Gourm    .     (helmet restricted)
rElec  .         Spirit   .     j - +0 cloak
rCorr  .         Warding  .     k - +1 pair of gloves
rMut   .         Stasis   .     (no boots)
MR     .....                    (no amulet)
Stlth  ++........               (no ring)
                                i - ring of protection from cold

@: not resistant to hostile enchantments, unstealthy
A: unfitting armour, cold-blooded, AC +5
a: no special abilities


You were on level 3 of the Dungeon.
You were not hungry.

You visited 1 branch of the dungeon, and saw 3 of its levels.

You collected 214 gold pieces.

Inventory:

Armour
 j - a +0 cloak (worn)
 k - a +1 pair of gloves (worn)
Jewellery
 i - a ring of protection from cold (left hand)
 l - an uncursed amulet of resist corrosion {unknown}
Scrolls
 b - 2 scrolls of remove curse
 h - a scroll of noise
 q - 2 scrolls of identify
Potions
 d - a potion of curing {unknown}
 e - 2 potions of might {unknown}
 g - a potion of mutation {unknown}
 o - 3 potions of magic
 p - 2 potions of cure mutation
 s - a potion of lignification {unknown}
Comestibles
 a - 2 bread rations
 c - a beef jerky
 f - 5 meat rations
 r - 2 chunks of flesh


   Skills:
 - Level 4.0 Fighting
 - Level 3.0 Dodging
 + Level 1.8 Stealth
 + Level 5.6 Unarmed Combat


You had 3 spell levels left.
You didn't know any spells.

Dungeon Overview and Level Annotations

Branches:
Dungeon (3/15)

Altars:
The Shining One


Innate Abilities, Weirdness & Mutations

Your plain brown scales are hard (AC +5).
Your body does not fit into most forms of armour.
You are cold-blooded and may be slowed by cold attacks.


Message History

It was a potion of cure mutation.
It has a very clean taste.
The orc priest hits you but does no damage.
Something hits you but does no damage.
You hear some strange, mumbled words.
You are confused.
You closely miss the orc priest.
The orc priest hits you with a falchion.
* * * LOW HITPOINT WARNING * * *
You hit the orc priest. You tail-slap the orc priest.
The orc priest is heavily wounded.
You bump into the rock wall.
You bump into the rock wall.
The orc barely misses you.
You bump into the rock wall.
The orc hits you but does no damage.
You hit the orc.
The orc is heavily wounded.
The orc hits you but does no damage.
You bump into the rock wall.
You feel less confused. The orc hits you with a dagger.
You die...

#. ####. .... .o. .o #.
##########
#o#########.........
#{o@.....##.........
#.######.##......... ##
#####.##.........
#.....##.........
#######.######........)
......................)
#######.#######.#######
#.# #.#
#.#######.#######


You could see an orc priest and an orc.

Vanquished Creatures
  Crazy Yiuf (D:2)
  Terence (D:3)
  2 adders
  A worm (D:2)
  2 giant geckos
  2 orcs (D:3)
  7 bats
  5 giant cockroaches
  2 hobgoblins
  A ball python (D:2)
  4 giant newts
  8 goblins
  6 jackals
  5 kobolds
  9 rats
56 creatures vanquished.

Notes
Turn   | Place    | Note
--------------------------------------------------------------
     0 | D:1      | mcbry74 the Draconian Monk began the quest for the Orb.
     0 | D:1      | Reached XP level 1. HP: 19/19 MP: 1/1
   571 | D:1      | Reached XP level 2. HP: 26/26 MP: 2/2
  1396 | D:2      | Reached XP level 3. HP: 24/33 MP: 3/3
  1673 | D:2      | Noticed Crazy Yiuf
  1687 | D:2      | Killed Crazy Yiuf
  1687 | D:2      | Reached skill level 5 in Unarmed Combat
  2042 | D:2      | Reached XP level 4. HP: 40/40 MP: 4/4
  2102 | D:2      | Found a glowing golden altar of the Shining One.
  2398 | D:3      | Noticed Terence
  2436 | D:3      | Killed Terence
  2741 | D:3      | Slain by an orc

Vault maps used:
D:1:      sevenhm_arrival_forest_fort_small_3
D:2:      serial_glass, glass_columns_b, glass_columns_a,
          kennysheep_cluttered_room, nicolae_tso_carved_into_rock,
          uniq_crazy_yiuf_cottage
D:3:      first_bread, uniq_jessica, uniq_terence

Action                   |  1- 3 |  4- 6 || total
-------------------------+-------+-------++-------
Melee: Unarmed           |   106 |    81 ||   187
  Use: Scroll            |       |     7 ||     7
       Potion            |       |     1 ||     1
 Stab: Sleeping          |     4 |       ||     4
       Distracted        |       |     1 ||     1
  Eat: Chunk             |     3 |     1 ||     4
       Bread ration      |       |     1 ||     1
